 Dungeon Crawl Stone Soup version 0.29-a0-409-gd843f3a48c (webtiles) character file.

Game seed: 13308428503688815856

2470 holysushi the Ducker (level 9, -1/65 HPs)
             Began as a Mummy Necromancer on May 14, 2022.
             Shot with a sling bullet by Joseph (17 damage)
             ... on level 7 of the Dungeon.
             The game lasted 00:17:20 (7723 turns).

holysushi the Ducker (Mummy Necromancer)            Turns: 7723, Time: 00:17:21

Health: -1/65      AC: 11    Str: 12    XL:     9   Next: 26%
Magic:  0/8        EV: 16    Int: 20    God:
Gold:   196        SH:  0    Dex: 16    Spells: 15/19 levels left

rFire   x . .      SeeInvis .   e - +1 dagger (speed)
rCold   + . .      Faith    .   (no shield)
rNeg    + + +      Spirit   .   a - +0 robe
rPois   ∞          Reflect  .   j - +5 helmet of Odaem {rPois Regen+ MP-9 Int+6}
rElec   .          Harm     .   i - +2 cloak
rCorr   .          Rampage  .   (no gloves)
Will    +....                   (no boots)
Stlth   ++........              (no amulet)
HPRegen 1.00/turn               (no ring)
MPRegen 0.11/turn               (no ring)

@: no status effects
A: cold resistance 1, negative energy resistance 3, torment resistance 2, heat
vulnerability 1, in touch with death 1, no potions
a: no special abilities


You were on level 7 of the Dungeon.
You visited 1 branch of the dungeon, and saw 7 of its levels.

You collected 383 gold pieces.
You spent 187 gold pieces at shops.

Inventory:

Hand Weapons
 e - a +1 dagger of speed (weapon)
 m - a +1 antimagic short sword
Armour
 a - a +0 robe (worn)
 i - a +2 cloak (worn)
 j - the +5 helmet of Odaem (worn) {rPois Regen+ MP-9 Int+6}
   (You took it off Robin on level 3 of the Dungeon)

   Int:       It affects your intelligence (+6).
   rPois:     It protects you from poison.
   MP:        It affects your magic capacity (-9).
   Regen:     It increases your rate of health regeneration.
Jewellery
 d - a ring of protection from cold
 l - an amulet of guardian spirit
Wands
 b - a wand of flame (9)
 g - a wand of digging (7)
Scrolls
 c - 2 scrolls of vulnerability
 f - 2 scrolls of fog
 k - a scroll of teleportation
 n - 2 scrolls of identify
 o - a scroll of magic mapping {unknown}


   Skills:
 - Level 4.0 Fighting
 + Level 7.8 Dodging
 - Level 1.5 Stealth
 - Level 3.0 Unarmed Combat
 - Level 5.9 Spellcasting
 - Level 4.5 Necromancy
 - Level 3.0 Evocations


You had 15 spell levels left.
You knew the following spells:

 Your Spells              Type           Power      Damage    Failure   Level
a - Pain                  Necr           100%       1d9       1%          1
b - Vampiric Draining     Necr           36%        2d8       4%          3

Your spell library contained the following spells:

 Spells                   Type           Power      Damage    Failure   Level
 Animate Skeleton         Necr           72%        N/A       1%          1
 Animate Dead             Necr           18%        N/A       16%         4
 Agony                    Necr           36%        N/A       41%         5


Dungeon Overview and Level Annotations

Branches:
Dungeon (7/15)
 Temple: D:4-7

Altars:
Cheibriados
Trog
Wu Jian

Shops:
D:5 [

Annotations:
D:4 2 runed translucent doors, happo123's ghost, novice GrEE
D:7 Joseph


Innate Abilities, Weirdness & Mutations

You are immune to poison.
Your flesh is cold resistant. (rC+)
You are immune to negative energy. (rN+++)
You are immune to unholy pain and torment.
You are vulnerable to heat. (rF-)
You are in touch with the powers of death.
You do not drink.


Message History

Sorry, you're not good enough to have a special ability.
Unknown command.
(D) Dungeon
Where to? (Enter - D:7, ? - help)
Okay, then.
Unknown command.
Search for what [Enter for "antimag", or ? for help]? altar Unknown command.
Okay, then.
Okay, then.
Joseph shoots a sling bullet.
The sling bullet closely misses you.
As you read the scroll of torment, it crumbles to dust.
You feel a surge of unholy energy.
Joseph convulses!
Joseph shoots a sling bullet.
The sling bullet hits you!
As you read the scroll of torment, it crumbles to dust.
You feel a surge of unholy energy.
Joseph convulses!
Joseph shoots a sling bullet.
The sling bullet hits you.
Casting: Vampiric Draining (dangerous; 4% risk of failure)
Confirm with . or Enter, or press ? or * to list all spells.
Aiming: Pain (safe; 1% risk of failure)
Press: ? - help, Shift-Dir - straight line, f - Joseph
Aim: Joseph, wielding a +0 hunting sling and wearing a +0 leather armour (severely wounded, chance to affect: 70%)
You feel a surge of power!
Joseph struggles to resist.
Joseph shoots a sling bullet.
The sling bullet barely misses you.
Casting: Pain (safe; 1% risk of failure)
Confirm with . or Enter, or press ? or * to list all spells.
Aiming: Pain (safe; 1% risk of failure)
Press: ? - help, Shift-Dir - straight line, f/p - Joseph
Aim: Joseph, wielding a +0 hunting sling and wearing a +0 leather armour (severely wounded, chance to affect: 70%)
You feel a surge of power!
Joseph writhes in agony.
Joseph shoots a sling bullet.
The sling bullet hits you!
* * * LOW HITPOINT WARNING * * *
Casting: Pain (safe; 1% risk of failure)
Confirm with . or Enter, or press ? or * to list all spells.
Aiming: Pain (safe; 1% risk of failure)
Press: ? - help, Shift-Dir - straight line, f/p - Joseph
Aim: Joseph, wielding a +0 hunting sling and wearing a +0 leather armour (almost dead, chance to affect: 70%)
You feel a surge of power!
Joseph writhes in agony!
Joseph shoots a sling bullet.
The sling bullet hits you!
You die...

.#.##.##..######..#
#..#......# ... ..
..# #..#
#.###'###.# #. #.#
#..# #.#.....#.# #.
.# #..# #.#.....#.#
#. #.#####..#
#.'.._..+.#
#........#
###.....### #@##
#.# #.....#
#..###.# ###'###
##...#@### #...#
###@....####..##
###...##...###
###....#...#
###...##.# ###....#
.##..# ## ..# .#


You could see Joseph.

Vanquished Creatures
  Pikel (D:6)
  A shadow (D:6)
  2 steam dragons
  An acid dragon (D:5)
  A black bear (D:5)
  A sky beast (D:6)
  An orc warrior (D:6)
  2 ogres (D:5)
  A lemure (D:6)
  A kobold brigand (D:6)
  4 scorpions
  2 jellies
  5 hounds
  A gnoll shaman (D:6)
  Ijyb (D:3)
  5 iguanas
  An orc wizard (D:3)
  Natasha (thrice) (D:3)
  Robin (D:3)
  8 gnolls
  7 adders
  2 white imps
  A worm (D:2)
  2 dart slugs
  7 orcs
  4 ball pythons
  2 bats
  11 endoplasms
  3 giant cockroaches
  18 goblins
  9 hobgoblins
  4 jackals (D:5)
  4 quokkas
  2 frilled lizards
  8 kobolds
  2 rats
129 creatures vanquished.

Notes
Turn   | Place    | Note
-------+----------+-------------------------------------------
     0 | D:1      | holysushi the Mummy Necromancer began the quest for the
                  | Orb.
     0 | D:1      | Reached XP level 1. HP: 13/13 MP: 4/4
   219 | D:1      | Reached skill level 1 in Unarmed Combat
   343 | D:1      | Reached XP level 2. HP: 19/19 MP: 2/5
   717 | D:1      | Found a faded altar of an unknown god.
  1006 | D:1      | Gained mutation: You are in touch with the powers of death.
                  | [Mummy growth]
  1006 | D:1      | Reached XP level 3. HP: 24/24 MP: 4/7
  1118 | D:1      | Learned a level 3 spell: Vampiric Draining
  1754 | D:2      | Reached XP level 4. HP: 28/30 MP: 2/8
  2553 | D:3      | Reached skill level 1 in Fighting
  2553 | D:3      | Reached skill level 2 in Dodging
  2874 | D:3      | Noticed Ijyb
  2899 | D:3      | Killed Ijyb
  2900 | D:3      | Reached XP level 5. HP: 18/37 MP: 0/9
  3478 | D:3      | Identified the +5 helmet of Odaem {rPois Regen+ MP-9 Int+6}
  3478 | D:3      | Noticed Robin
  3486 | D:3      | Killed Robin
  3749 | D:4      | Noticed Natasha
  3805 | D:3      | Killed Natasha
  3844 | D:3      | Noticed Natasha
  3854 | D:3      | Killed Natasha
  3855 | D:3      | Reached XP level 6. HP: 45/46 MP: 1/10
  3943 | D:3      | Noticed Natasha
  3960 | D:3      | Killed Natasha
  4014 | D:4      | Found a large runed translucent door.
  4014 | D:4      | Found a large runed translucent door.
  4156 | D:4      | Noticed happo123's ghost (novice GrEE)
  4547 | D:5      | Entered Level 5 of the Dungeon
  4580 | D:5      | Noticed an acid dragon
  4586 | D:5      | Reached skill level 3 in Dodging
  4593 | D:5      | Killed an acid dragon
  4657 | D:4      | Reached XP level 7. HP: 14/52 MP: 0/13
  4814 | D:5      | Reached skill level 1 in Evocations
  4957 | D:5      | Found Takkodap's Antique Armour Shoppe.
  4965 | D:5      | Bought an embroidered cloak for 187 gold pieces
  5112 | D:5      | Found an ornate altar of the Wu Jian Council.
  5151 | D:5      | Reached skill level 5 in Spellcasting
  5189 | D:5      | Reached skill level 4 in Dodging
  5443 | D:5      | Noticed a steam dragon
  5463 | D:5      | Killed a steam dragon
  5464 | D:5      | Reached XP level 8. HP: 23/60 MP: 3/16
  5967 | D:6      | Found a bloodstained altar of Trog.
  6069 | D:6      | Reached skill level 5 in Dodging
  6255 | D:6      | Reached skill level 6 in Dodging
  6437 | D:6      | Noticed Pikel
  7248 | D:6      | Reached skill level 7 in Dodging
  7248 | D:6      | Reached XP level 9. HP: 52/65 MP: 5/17
  7495 | D:6      | Killed Pikel
  7662 | D:7      | Found a snail-covered altar of Cheibriados.
  7702 | D:7      | Noticed Joseph
  7723 | D:7      | Shot with a sling bullet by Joseph

Illustrated notes

Levels and vault maps discovered:
D:1:      nzn_arrival_water_spiral, layout_rooms,
          hellmonk_ecumenical_altar_crossroads
D:2:      layout_basic, minivault_14, corexii_item_surrounded_by_moat
D:3:      minmay_inner_zag, layout_rooms, uniq_ijyb, uniq_robin
D:4:      layout_rooms, ebering_ghost_disaster_area, chequers_avenue,
          chequers_serial_rivers_micro_b, uniq_natasha
D:5:      layout_loops_cross, nzn_wu_jian_contemplation, serial_shops, shop,
          kennysheep_decorative_pillar
D:6:      layout_basic, trog_butcher_becter, uniq_pikel
D:7:      minmay_the_grid_four_pointed_star
          [minmay_the_grid_triangle_9x9_negative_grid,
          minmay_the_grid_triangle_9x9_intruding_spiral,
          minmay_the_grid_triangle_9x9_from_above,
          minmay_the_grid_triangle_9x9_checkered,
          minmay_the_grid_prize_big_room], layout_loops_ring,
          kennysheep_little_box, minmay_temple_entry_gardened_gates,
          serial_glass, glass_columns_b, glass_columns_a, glass_columns_a,
          minivault_22, uniq_crazy_yiuf_cottage, uniq_joseph

Skill      XL: |  1  2  3  4  5  6  7  8 |
---------------+-------------------------+-----
Unarmed Combat | 1 2 3 |  3.0
Fighting       | 1 2 3 4 |  4.0
Dodging        | 2 3 4 7 |  7.8
Spellcasting   | 3 4 5 |  5.9
Evocations     | 2 3 |  3.0
Stealth        | |  1.5
Necromancy     | |  4.5

Action                   |  1- 3 |  4- 6 |  7- 9 || total
-------------------------+-------+-------+-------++-------
Melee: Unarmed           |    47 |    14 |       ||    61
       Dagger            |       |   166 |   442 ||   608
       Punch             |       |     8 |    14 ||    22
 Cast: Pain              |    57 |    54 |    81 ||   192
       Vampiric Draining |       |     2 |     4 ||     6
Evoke: Wand              |       |     9 |    13 ||    22
  Use: Scroll            |       |     6 |     4 ||    10
 Stab: Sleeping          |     1 |     2 |     1 ||     4
Armor: Robe              |     9 |    46 |   118 ||   173
Dodge: Dodged            |    26 |    91 |   214 ||   331

Table legend: (Time is in decaauts)
 A = Elapsed time spent in this place.
 B = Non-inter-level travel time spent in this place.
 C = Inter-level travel time spent in this place.
 D = Time resting spent in this place.
 E = Time spent auto-exploring this place.
 F = Levels seen in this place.
 G = Mean time per level.
                   A        B        C        D        E       F      G
               +--------+--------+--------+--------+--------+-----+--------+
         Total |   7520 |   7257 |    263 |   2471 |   3096 |   7 | 1074.3 |
       Dungeon |   7520 |   7257 |    263 |   2471 |   3096 |   7 | 1074.3 |
               +--------+--------+--------+--------+--------+-----+--------+

Top non-repeatable levels by time:
     D:6: 1569 daAuts
     D:1: 1436 daAuts
     D:3: 1348 daAuts
     D:5: 1220 daAuts
     D:2: 1145 daAuts
     D:4: 669 daAuts
     D:7: 130 daAuts
